 Dungeon Crawl Stone Soup version 0.23.1 (webtiles) character file.

Game seed: 17036857324894615929

3132 ohad the Martial Artist (level 9, -3/72 HPs)
             Began as an Octopode Transmuter on Mar 12, 2019.
             Was an Initiate of Gozag.
             Shot with a sling bullet by Joseph (4 damage)
             ... on level 8 of the Dungeon.
             The game lasted 00:19:28 (7621 turns).

ohad the Martial Artist (Octopode Transmuter)       Turns: 7621, Time: 00:19:28

Health: -3/72      AC:  5    Str: 10    XL:     9   Next: 92%
Magic:  12/14      EV: 14    Int: 18    God:    Gozag
Gold:   973        SH:  0    Dex: 18    Spells: 4/14 levels left

rFire    x . .     SeeInvis +     - Unarmed
rCold    + + +     Gourm    .   (shield currently unavailable)
rNeg     . . .     Faith    .   (helmet currently unavailable)
rPois    +         Spirit   .   b - amulet of magic regeneration
rElec    .         Reflect  .   d - +6 ring of dexterity
rCorr    .         Harm     .   h - ring of see invisible
MR       +....                  r - ring of wizardry
Stlth    ++........             B - ring of protection from magic
HPRegen  0.22/turn              (no ring)
MPRegen  0.39/turn              (no ring)
                                (no ring)
                                (no ring)

@: about to teleport, ice-form, lightly drained
A: large, almost no armour, stealthy swim, amphibious, 8 rings, (constrict 8)
a: End Transformation, Potion Petition, Call Merchant, Bribe Branch, Renounce
Religion


You were on level 8 of the Dungeon.
You worshipped Gozag.
Gozag was pleased with you.
You were not hungry.
You were a creature of crystalline ice.
You visited 2 branches of the dungeon, and saw 9 of its levels.

You collected 1007 gold pieces.
You paid 34 gold pieces to Gozag.

Inventory:

Hand Weapons
 x - the +6 whip of Descent {slash, rF+, unknown}
   (You found it on level 6 of the Dungeon)

   It inflicts extra damage upon your enemies.
   It protects you from fire.
 C - a +0 blowgun
Missiles
 a - 142 arrows
 D - 5 curare-tipped needles
 E - 15 poisoned needles
Jewellery
 b - an amulet of magic regeneration (around neck)
 d - a +6 ring of dexterity (left front paw)
 h - a ring of see invisible (right front paw)
 r - a ring of wizardry (on tentacle)
 B - a ring of protection from magic (on tentacle)
Wands
 w - a wand of random effects (17)
Scrolls
 e - a scroll of enchant armour
 g - a scroll of summoning {unknown}
 i - 2 scrolls of immolation {unknown}
 j - 2 scrolls of teleportation
 m - 4 scrolls of remove curse
 u - a scroll of acquirement {unknown}
 y - a scroll of enchant weapon {unknown}
 z - a scroll of noise {unknown}
 A - a scroll of amnesia {unknown}
 F - a scroll of blinking {unknown}
Potions
 f - 2 potions of flight {unknown}
 k - 2 potions of invisibility
 l - 4 potions of curing
 n - a potion of might
 o - a potion of brilliance
 p - 2 potions of resistance
 q - a potion of agility {unknown}
 s - 3 potions of heal wounds {unknown}
 t - a potion of lignification {unknown}
 v - a potion of magic {unknown}
Comestibles
 c - 7 rations


   Skills:
 - Level 4.8(4.6) Fighting
 + Level 7.1(6.9) Dodging
 + Level 9.3(9.2) Unarmed Combat
 - Level 3.4(3.3) Spellcasting
 - Level 4.1(4.0) Transmutations
 - Level 3.1(2.9) Ice Magic


You had 4 spell levels left.
You knew the following spells:

 Your Spells              Type           Power        Failure   Level  Hunger
a - Beastly Appendage     Tmut           ###...       1%          1    None
b - Sticks to Snakes      Tmut           ###.....     1%          2    ##.....
c - Spider Form           Tmut/Pois      ##........   9%          3    ###....
d - Ice Form              Ice/Tmut       ###.....     16%         4    ####...

Your spell library contained the following spells:

 Spells                   Type           Power        Failure   Level  Hunger
 Gell's Gravitas          Tloc           #.........   19%         3    ###....
 Portal Projectile        Hex/Tloc       #.....       19%         3    ###....
 Force Lance              Conj/Tloc      #.......     50%         4    ####...
 Blade Hands              Tmut           ###.......   32%         5    ######.
 Dispersal                Tloc           #.........   100%        6    #######
 Controlled Blink         Tloc           N/A          100%        8    #######
 Disjunction              Tloc           #.........   100%        8    #######


Dungeon Overview and Level Annotations

Branches:
Dungeon (8/15)             Temple (1/1) D:4
   Lair: D:8-11

Altars:
Ashenzari
Cheibriados
Dithmenos
Elyvilon
Gozag
Hepliaklqana
Makhleb
Nemelex Xobeh
Ru
Sif Muna
Xom
Yredelemnul
Zin
The Shining One

Shops:
D:5 *

Annotations:
D:8 Joseph, Prince Ribbit


Innate Abilities, Weirdness & Mutations

You cannot wear most types of armour.
You are very stealthy in the water. (Stealth+)
You are amphibious.
You can wear up to eight rings at the same time.
((You can use your tentacles to constrict eight enemies at once.))
((Your skin changes colour to match your surroundings (Stealth+).))
((Your rubbery body absorbs attacks. (AC +1, EV +1)))


Message History

Joseph shoots a sling bullet.
The sling bullet hits you!!
Unknown command.
As you read the scroll labeled WAOLOWANAL, it crumbles to dust.
It is a scroll of enchant armour.
You aren't carrying any armour which can be enchanted further.
Prince Ribbit hits you!
* * * LOW HITPOINT WARNING * * *
As you read the scroll labeled ICYREREBUSH, it crumbles to dust.
You feel strangely unstable.
It was a scroll of teleportation.
Prince Ribbit closely misses you.
The crimson imp blinks!
Casting: Ice Form (slightly dangerous; 16% risk of failure)
Confirm with . or Enter, or press ? or * to list all spells.
You create a snake!
You now have 142 arrows.
Joseph shoots a sling bullet.
The sling bullet hits you!
* * * LOW HITPOINT WARNING * * *
Prince Ribbit hits you!
* * * LOW HITPOINT WARNING * * *
Joseph shoots a sling bullet.
The sling bullet hits you.
You die...
Your body crumbles into a pile of gold.

....... #8..§≈§≈##
##§§≈≈ .......
#...≈≈≈## ##§§≈
....... #...§≈##
##§§ .......
#...≈≈# #≈≈ ...@§?.
#...≈≈## ##≈≈
.......##...≈§≈##
##§§≈
#....S#8..§§§≈##
##§≈≈§
#.##.§.§≈≈≈###≈≈≈§.
#.Y##...§≈≈≈≈≈≈≈§..
##F.##...≈≈≈§≈≈≈...
##..##...........#
##..##.........##
##..##8.....8##
##..###'''###
##..)..[.#
#########


You could see Joseph, Prince Ribbit and a friendly ball python.

Vanquished Creatures
  Pikel (D:5)
  A steam dragon (D:7)
  Duvessa (D:6)
  A soldier ant (D:6)
  A water moccasin (D:7)
  A sky beast (D:5)
  4 ice beasts
  An orc warrior (D:8)
  A centaur (D:7)
  A big kobold (D:8)
  Dowan (D:6)
  A water moccasin skeleton (D:7)
  A scorpion (D:4)
  A wight (D:8)
  5 killer bees (D:7)
  A lava snake (D:8)
  A crimson imp (D:7)
  A centaur zombie (D:6)
  A bullfrog skeleton (D:8)
  2 hounds
  A bullfrog zombie (D:7)
  3 jellies
  Crazy Yiuf (D:6)
  7 orc priests
  A centaur skeleton (D:7)
  An iguana (D:4)
  5 worker ants
  7 orc wizards
  2 worker ant zombies
  3 gnolls
  6 adders
  A shadow imp (D:5)
  An adder zombie (D:6)
  An adder skeleton (D:8)
  2 dart slugs
  4 leopard geckos
  28 orcs
  A giant cockroach (D:2)
  4 goblins
  5 hobgoblins
  11 jackals
  A quokka (D:2)
  3 ball pythons
  8 bats
  5 frilled lizards
  A jackal skeleton (D:6)
  14 kobolds
  A leopard gecko skeleton (D:4)
  A leopard gecko zombie (D:8)
  6 rats
163 creatures vanquished.

Vanquished Creatures (collateral kills)
  A gnoll (D:6)
1 creature vanquished.

Vanquished Creatures (others)
  A water moccasin zombie (D:7)
  A kobold (D:8)
2 creatures vanquished.

Grand Total: 166 creatures vanquished

Notes
Turn   | Place    | Note
-------+----------+-------------------------------------------
     0 | D:1      | ohad the Octopode Transmuter began the quest for the Orb.
     0 | D:1      | Reached XP level 1. HP: 13/13 MP: 3/3
   460 | D:1      | Reached XP level 2. HP: 17/18 MP: 5/5
   796 | D:1      | Learned a level 2 spell: Sticks to Snakes
  1099 | D:2      | Reached XP level 3. HP: 23/23 MP: 6/6
  1104 | D:2      | Learned a level 3 spell: Spider Form
  1161 | D:2      | You fall through a shaft!
  1616 | D:3      | Reached XP level 4. HP: 22/28 MP: 8/8
  2924 | D:4      | Reached XP level 5. HP: 11/33 MP: 8/10
  3176 | D:3      | Learned a level 4 spell: Ice Form
  3195 | D:4      | Reached skill level 1 in Ice Magic
  3249 | D:4      | Found a staircase to the Ecumenical Temple.
  3258 | Temple   | Entered the Ecumenical Temple
  3267 | Temple   | Became a worshipper of Gozag Ym Sagoz the Greedy
  3903 | D:4      | Reached XP level 6. HP: 19/38 MP: 7/11
  4356 | D:5      | Entered Level 5 of the Dungeon
  4592 | D:5      | Noticed an ice beast
  4605 | D:5      | Killed an ice beast
  4605 | D:5      | Reached skill level 4 in Unarmed Combat
  4605 | D:5      | Reached XP level 7. HP: 43/43 MP: 12/12
  4724 | D:5      | Noticed Pikel
  4750 | D:5      | Killed Pikel
  4750 | D:5      | Reached skill level 6 in Unarmed Combat
  4750 | D:5      | Reached XP level 8. HP: 48/48 MP: 8/13
  4822 | D:5      | Found Romn's Serpentskin Sales.
  5151 | D:6      | Found a basalt altar of Yredelemnul.
  5237 | D:6      | Noticed Dowan
  5238 | D:6      | Reached skill level 5 in Dodging
  5238 | D:6      | Reached skill level 7 in Unarmed Combat
  5239 | D:6      | Noticed Duvessa
  5386 | D:6      | Killed Duvessa
  5392 | D:6      | Killed Dowan
  5531 | D:6      | Got a polished whip
  5644 | D:6      | Found a snail-covered altar of Cheibriados.
  5709 | D:6      | Found a runed translucent door.
  5710 | D:6      | Noticed Crazy Yiuf
  5799 | D:6      | Killed Crazy Yiuf
  6055 | D:7      | Reached XP level 9. HP: 53/53 MP: 11/14
  6059 | D:7      | Reached skill level 8 in Unarmed Combat
  6445 | D:7      | Reached skill level 9 in Unarmed Combat
  6815 | D:7      | Found a burning altar of Makhleb.
  7613 | D:8      | Noticed Prince Ribbit
  7615 | D:8      | Noticed Joseph
  7621 | D:8      | HP: 1/72 [Prince Ribbit (10)]
  7621 | D:8      | Shot with a sling bullet by Joseph

Skill      XL: |  1  2  3  4  5  6  7  8  9 |
---------------+----------------------------+-----
Transmutations | 3 4 |  4.1
Spellcasting   | 3 |  3.4
Ice Magic      | 2 3 |  3.1
Unarmed Combat | 4 6 7 9 |  9.3
Dodging        | 4 6 7 |  7.1
Fighting       | 4 |  4.8

Action                   |  1- 3 |  4- 6 |  7- 9 || total
-------------------------+-------+-------+-------++-------
Melee: Unarmed           |    75 |   113 |   208 ||   396
       Constrict         |    26 |    12 |     5 ||    43
       Tentacles         |    22 |    11 |     7 ||    40
       Punch             |     1 |     2 |     2 ||     5
       Kick              |     5 |       |       ||     5
 Cast: Beastly Appendage |     4 |       |       ||     4
       Spider Form       |       |     6 |     1 ||     7
       Ice Form          |       |     3 |    20 ||    23
       Sticks to Snakes  |       |       |     7 ||     7
  Use: Scroll            |       |     6 |     3 ||     9
 Stab: Sleeping          |    11 |     7 |     4 ||    22
       Distracted        |       |       |     2 ||     2
  Eat: Chunk             |     2 |     6 |       ||     8
       Ration            |       |     2 |     4 ||     6
Armor: Skin              |    13 |     7 |    36 ||    56
Dodge: Dodged            |    46 |    74 |   119 ||   239
